AoeStats
← Giye

Arabia

508621128Analyzed
1v1 RM · 10d ago on Sep 23, 2026· 89m 43s· 2 players
Game mode
Random Map
Map size
Tiny (2 player)
Population
200
Speed
Normal
Resources
Standard
Victory
Conquest
Starting age
Dark Age
Ending age
Imperial Age
RankedLock teamsTeams togetherTeam positionsShared explorationLock speedFull tech treeHidden civsTurbo modeCheats
Victory
Defeat
🇪🇸 Danes · Spain
811
+13
🇨🇭 Japanese · Switzerland
756
-13
Giye
10:14 Feudal Age
10:46 Double-Bit Axe
11:43 Arson
12:52 Man-at-Arms
13:40 Scale Mail Armor
13:50 Forging
17:59 Horse Collar
26:53 Castle Age
25:16 Stone Mining
26:13 Scale Barding Armor
27:10 Bloodlines
28:17 Bow Saw
28:09 Heavy Plow
30:56 Husbandry
31:21 Loom
31:24 Town Watch
32:14 Wheelbarrow
33:45 Hamask
34:48 Squires
36:52 Iron Casting
36:32 Chain Mail Armor
42:07 Imperial Age
39:58 Gambesons
44:10 Gold Mining
47:03 Elite Varangian Guard
53:01 Blast Furnace
52:31 Plate Mail Armor
53:30 Town Patrol
53:45 Hand Cart
60:16 Conscription
60:49 Hoardings
64:05 Stone Shaft Mining
64:06 Gold Shaft Mining
68:59 Ballistics
69:40 Chemistry
68:52 Masonry
68:47 Siege Engineers
68:38 Murder Holes
68:33 Heated Shot
68:34 Guard Tower
68:29 Arrowslits
68:57 Clinker Construction
80:05 Fletching
80:16 Padded Archer Armor
82:24 Northmen's Fury
82:25 Elite Jomsviking
85:39 Bodkin Arrow
86:00 Leather Archer Armor
86:05 Chain Barding Armor
87:45 Block Printing
kuronin
9:51 Loom
11:37 Feudal Age
12:33 Man-at-Arms
17:15 Double-Bit Axe
21:49 Wheelbarrow
24:29 Castle Age
23:59 Scale Mail Armor
24:11 Forging
30:18 Horse Collar
31:05 Hand Cart
33:15 Pikeman
37:10 Chain Mail Armor
37:30 Iron Casting
42:02 Imperial Age
52:40 Elite Samurai
69:27 Plate Mail Armor
72:54 Blast Furnace
88:31 Arson
Connection lost

Rejoining the realm…

Still unreachable

The connection could not be restored.

Session expired

The server has moved on; the page needs a fresh start.